 Dungeon Crawl Stone Soup version 0.23-a0-436-g57debff (webtiles) character file.

1817 Azzok the Firebug (level 8, -2/52 HPs)
             Began as a Demonspawn Fire Elementalist on Nov 16, 2018.
             Was an Initiate of Vehumet.
             Killed by divine providence
             ... invoked by an orc priest
              (15 damage)
             ... on level 7 of the Dungeon.
             The game lasted 00:10:59 (8781 turns).

Azzok the Firebug (Demonspawn Fire Elementalist)    Turns: 8781, Time: 00:11:00

Health: -2/52      AC: 12    Str:  9    XL:     8   Next: 85%
Magic:  1/17       EV: 12    Int: 18    God:    Vehumet [......]
Gold:   307        SH:  0    Dex: 14    Spells: 6/19 levels left

rFire    . . .     SeeInvis .   e - +3 scimitar (freeze)
rCold    . . .     Gourm    .   (no shield)
rNeg     . . .     Faith    .   a - +0 robe
rPois    .         Spirit   .   (no helmet)
rElec    .         Reflect  .   z - +0 cloak
rCorr    .         Harm     .   y - +2 pair of gloves
MR       .....                  (no boots)
Stlth    ++........             (no amulet)
HPRegen  0.17/turn              (no ring)
MPRegen  0.15/turn              (no ring)

@: sanguine armour, very slightly contaminated
A: hooves 2, sanguine armour 1
a: Renounce Religion


You were on level 7 of the Dungeon.
You worshipped Vehumet.
Vehumet was noncommittal.
You were not hungry.

You visited 2 branches of the dungeon, and saw 8 of its levels.

You collected 307 gold pieces.

Inventory:

Hand Weapons
 e - a +3 scimitar of freezing (weapon)
 w - a +1 short sword of draining
Armour
 a - a +0 robe (worn)
 l - a +0 buckler
 y - a +2 pair of gloves (worn)
 z - a +0 cloak (worn)
Wands
 m - a wand of flame (24)
Scrolls
 d - 3 scrolls of remove curse
 f - 2 scrolls of enchant weapon
 h - a scroll of immolation {unknown}
 i - a scroll of noise {unknown}
 k - 3 scrolls of blinking {unknown}
 n - a scroll of amnesia {unknown}
 p - 3 scrolls of fog
 t - a scroll of random uselessness {unknown}
 x - a scroll of fear {unknown}
 B - a scroll of identify
Potions
 b - a potion of heal wounds
 g - 5 potions of ambrosia
 j - a potion of haste {unknown}
 o - a potion of cancellation {unknown}
 q - 2 potions of flight {unknown}
 r - a potion of degeneration {unknown}
 s - 3 potions of might
 u - a potion of invisibility {unknown}
 v - a potion of curing {unknown}
Comestibles
 c - 9 rations
 A - a chunk of flesh


   Skills:
 - Level 1.7 Dodging
 - Level 1.7 Stealth
 + Level 6.3 Spellcasting
 + Level 6.6 Conjurations
 + Level 6.6 Fire Magic


You had 6 spell levels left.
You knew the following spells:

 Your Spells              Type           Power        Failure   Level  Hunger
a - Flame Tongue          Conj/Fire      ####.        1%          1    None
b - Conjure Flame         Conj/Fire      ####....     2%          3    ##.....
c - Sticky Flame          Conj/Fire      ####....     8%          4    ####...
d - Fireball              Conj/Fire      ####......   22%         5    #####..

Your spell library contained the following spells:

 Spells                   Type           Power        Failure   Level  Hunger
 Throw Flame              Conj/Fire      ####..       1%          2    None
 Inner Flame              Hex/Fire       ###.....     9%          3    ##.....


Dungeon Overview and Level Annotations

Branches:
Dungeon (7/15)             Temple (1/1) D:6

Altars:
Ashenzari
Cheibriados
Dithmenos
Elyvilon
Fedhas
Gozag
Hepliaklqana
Kikubaaqudgha
Makhleb
Nemelex Xobeh
Okawaru
Qazlal
Ru
Sif Muna
Trog
Uskayaw
Vehumet
Wu Jian
Xom
Yredelemnul
Zin
The Shining One

Shops:
D:5 *

Annotations:
D:3 1 runed door, nixmar's ghost, amateur HuWn
D:6 3 runed doors, Tooki's ghost, novice DEWz


Innate Abilities, Weirdness & Mutations

You have hoof-like feet.
When seriously injured, your bleeding wounds create armour. (AC +6)


Message History

You feel a strange surge of energy!
You hear a distant blaring wail to the southwest.
The orc warrior misses you.
You hear an angry hiss.
Casting: Fireball (quite dangerous; 24% risk of failure)
Confirm with . or Enter, or press ? or * to list all spells.
Aiming: Fireball (quite dangerous; 24% risk of failure)
Press: ? - help, Shift-Dir - straight line, p - orc warrior The fireball explodes!
The fireball engulfs the orc.
The orc is almost dead.
The fireball engulfs the orc warrior.
You kill the orc warrior!
Vehumet accepts your kill.
Your life force feels restored.
* * * LOW MAGIC WARNING * * *
You hear a shout! x5
An orc comes into view. It is wielding a +0 whip.
The orc priest mumbles some strange prayers to Beogh against you.
Beogh smites you!
You die...

▒·····'·····▒
▒···÷▒▒·····▒
▒····▒▒·····▒▒▒▒▒▒▒
▒····▒▒···········▒
▒····▒▒······>····▒
▒·<···╬···········▒
▒·····▒···········╬
╬·····▒···········▒ ·
▒·····▒······@····▒
···▒▒╬▒▒▒▒▒▒╬▒▒▒▒····▒
······^········▒▒····▒▒
·······$·······▒·o····▒
···············▒·)····▒
···········o···▒·o····▒
···············▒······▒
··········oo···o······▒
···▒▒▒▒▒·······▒······▒


You could see an orc priest and an orc.

Vanquished Creatures
  An orc warrior (D:7)
  A sky beast (D:5)
  2 phantoms (D:4)
  2 ogres
  A centaur (D:6)
  A water moccasin zombie (D:6)
  A scorpion (D:7)
  3 wights (D:6)
  3 orc wizards
  7 orc priests (D:6)
  4 hounds
  5 iguanas
  4 worker ants
  2 worker ant zombies (D:4)
  9 gnolls
  9 adders
  A shadow imp (D:5)
  3 worms
  3 dart slugs
  6 leopard geckos
  24 orcs
  2 giant cockroaches (D:3)
  12 hobgoblins
  7 jackals
  2 kobolds
  A ball python (D:5)
  14 bats
  5 frilled lizards
  9 goblins
  A jackal skeleton (D:4)
  7 rats
152 creatures vanquished.

Vanquished Creatures (others)
  A fungus (D:6)
  3 plants (D:6)
4 creatures vanquished.

Grand Total: 156 creatures vanquished

Notes
Turn   | Place    | Note
-------+----------+-------------------------------------------
     0 | D:1      | Azzok the Demonspawn Fire Elementalist began the quest for
                  | the Orb.
     0 | D:1      | Reached XP level 1. HP: 13/13 MP: 3/3
   353 | D:1      | Gained mutation: You have large cloven feet. [demonic
                  | ancestry]
   353 | D:1      | Reached XP level 2. HP: 19/19 MP: 0/5
  1256 | D:2      | Reached XP level 3. HP: 21/24 MP: 1/6
  2124 | D:2      | Found a hazy altar of Hepliaklqana.
  2124 | D:2      | Found an iron altar of Okawaru.
  2181 | D:2      | Found a faded altar of an unknown god.
  2214 | D:2      | Reached XP level 4. HP: 30/30 MP: 6/8
  2365 | D:2      | Learned a level 3 spell: Conjure Flame
  2438 | D:2      | Learned a level 4 spell: Sticky Flame
  3019 | D:3      | Found a runed door.
  3019 | D:3      | Noticed nixmar's ghost (amateur HuWn)
  3177 | D:3      | HP: 1/30 [leopard gecko (5)]
  3633 | D:3      | Gained mutation: When seriously injured, your bleeding
                  | wounds create armour. (AC +6) [demonic ancestry]
  3633 | D:3      | Reached XP level 5. HP: 26/35 MP: 3/9
  3789 | D:4      | Noticed a phantom
  3947 | D:4      | Killed a phantom
  4173 | D:4      | Gained mutation: You have hoof-like feet. [demonic
                  | ancestry]
  4173 | D:4      | Reached XP level 6. HP: 38/41 MP: 4/11
  4856 | D:4      | Reached XP level 7. HP: 37/46 MP: 2/13
  5237 | D:5      | Entered Level 5 of the Dungeon
  5242 | D:5      | Reached skill level 5 in Fire Magic
  5484 | D:5      | Found Zin's Purification Station.
  5487 | D:5      | Found a glowing silver altar of Zin.
  5543 | D:5      | Learned a level 5 spell: Fireball
  5878 | D:5      | Reached skill level 5 in Conjurations
  6024 | D:5      | Found a bloodstained altar of Trog.
  6145 | D:5      | Reached skill level 5 in Spellcasting
  6618 | D:6      | Reached XP level 8. HP: 45/52 MP: 5/15
  7114 | D:6      | Found a shimmering altar of Xom.
  7186 | D:6      | Found a runed gate.
  7187 | D:6      | Found a runed gate.
  7187 | D:6      | Noticed Tooki's ghost (novice DEWz)
  7188 | D:6      | Found a runed gate.
  7188 | D:6      | Noticed a kobold demonologist
  7189 | D:6      | Identified the +11 hunting sling of Causality {velocity,
                  | -Tele rPois SInv}
  7603 | D:6      | Found an ancient bone altar of Kikubaaqudgha.
  8004 | D:6      | Found a staircase to the Ecumenical Temple.
  8018 | Temple   | Entered the Ecumenical Temple
  8188 | Temple   | Became a worshipper of Vehumet
  8781 | D:7      | Killed from afar by an orc priest

Vault maps used:
D:1:      matt_arrival_diagonals
D:2:      gammafunk_temple_overflow_elements, chequers_ecumenical_altar_island
D:3:      gammafunk_ghost_grave
D:4:      first_ration
D:5:      lightli_temple_of_fire, zin_purify
D:6:      kennysheep_steamy, kennysheep_mini_moat, minmay_temple_entry_fiery,
          gammafunk_ghost_nasty_kobolds, chequers_serial_rivers_room_b, tgw_xom
D:7:      basic_altar, minmay_the_grid_2x2
Temple:   minmay_crystal_spiral_temple

Skill      XL: |  1  2  3  4  5  6  7  8 |
---------------+-------------------------+-----
Fire Magic     | 3 4 5 6 |  6.6
Conjurations   | 2 3 4 5 6 |  6.6
Spellcasting   | 3 4 5 6 |  6.3
Dodging        | |  1.7
Stealth        | |  1.7

Action                   |  1- 3 |  4- 6 |  7- 9 || total
-------------------------+-------+-------+-------++-------
Melee: Unarmed           |    28 |     5 |       ||    33
       Kick              |     7 |     5 |     4 ||    16
       Falchion          |       |    11 |     3 ||    14
 Cast: Flame Tongue      |    75 |   125 |   161 ||   361
       Sticky Flame      |       |     5 |    15 ||    20
       Conjure Flame     |       |     1 |       ||     1
       Fireball          |       |       |     1 ||     1
  Use: Scroll            |       |       |     6 ||     6
  Eat: Chunk             |     4 |     9 |    12 ||    25
       Ration            |       |       |     1 ||     1
Armor: Robe              |    14 |    13 |    10 ||    37
Dodge: Dodged            |    43 |    62 |    45 ||   150
       Rpst.: Falchion   |       |     5 |    13 ||    18

Table legend:
 A = Non-vault XP
 B = Vault XP
 C = Vault XP percentage of total XP
 D = Non-vault monster count
 E = Vault monster count
 F = Vault count percentage of total count
                 A         B        C        D         E       F
            +---------+---------+-------+---------+---------+-------
      Total |    2524 |      72 |   2.8 |     147 |       5 |   3.3
            +---------+---------+-------+---------+---------+-------
        D:1 |      28 |       0 |   0.0 |      18 |       0 |   0.0
        D:2 |      83 |       0 |   0.0 |      25 |       0 |   0.0
        D:3 |     111 |       0 |   0.0 |      27 |       0 |   0.0
        D:4 |     669 |       0 |   0.0 |      22 |       0 |   0.0
        D:5 |     391 |       0 |   0.0 |      20 |       0 |   0.0
        D:6 |    1018 |      72 |   6.6 |      32 |       5 |  13.5
        D:7 |     224 |       0 |   0.0 |       3 |       0 |   0.0
            +---------+---------+-------+---------+---------+-------
